 Dungeon Crawl Stone Soup version 0.18.1-48-g4cf74bf (webtiles) character file.

123 lawna the Ruffian (level 4, -1/45 HPs)
             Began as a Troll Berserker on Sept 8, 2016.
             Was a Believer of Trog.
             Slain by a gnoll
             ... wielding a +0 halberd
              (7 damage)
             ... on level 3 of the Dungeon on Sept 11, 2016.
             The game lasted 00:09:16 (1388 turns).

lawna the Ruffian (Troll Berserker)                 Turns: 1388, Time: 00:09:16

Health: -1/45      AC:  9    Str: 25      XL:     4   Next: 79%
Magic:  12/12      EV: 10    Int:  0 (3)  God:    Trog [**....]
Gold:   128        SH:  0    Dex:  9 (10) Spells: 0 memorised, 3 levels left

rFire  . . .     SeeInvis .       - Unarmed
rCold  . . .     Gourm    +     a - +0 animal skin
rNeg   . . .     Faith    .     (no shield)
rPois  .         Spirit   .     (helmet restricted)
rElec  .         Dismiss  .     (no cloak)
rCorr  .         Reflect  .     (gloves unavailable)
SustAt .         Harm     +     (boots unavailable)
MR     .....                    n - amulet of harm
Stlth  +.........               l - +4 ring of protection
                                k - ring of magical power

@: exhausted, flying, slowed, lost intelligence, very slow, not resistant to
hostile enchantments, very unstealthy
A: unfitting armour, claws 3, fast metabolism 3, gourmand, regeneration 2,
shaggy fur 1, tough skin 2
a: Berserk, Trog's Hand, Burn Spellbooks, Renounce Religion


You were on level 3 of the Dungeon.
You worshipped Trog.
Trog was pleased with you.
You were not hungry.

You visited 1 branch of the dungeon, and saw 3 of its levels.

You collected 128 gold pieces.

Inventory:

Armour
 a - a +0 animal skin (worn)
Jewellery
 k - a ring of magical power (left claw)
 l - a +4 ring of protection (right claw)
 n - an amulet of harm (around neck)
Scrolls
 c - 3 scrolls of fear
 m - a scroll of recharging
Potions
 e - a potion of invisibility {unknown}
 h - 3 potions of curing
 j - a potion of brilliance
Comestibles
 b - 3 bread rations
 d - a royal jelly
 f - 2 meat rations
 g - 2 fruits


   Skills:
 + Level 3.2 Fighting
 + Level 3.1 Dodging
 + Level 0.1 Stealth
 + Level 4.2 Unarmed Combat


You had 3 spell levels left.
You didn't know any spells.

Dungeon Overview and Level Annotations

Branches:
Dungeon (3/15)

Altars:
Elyvilon
Trog


Innate Abilities, Weirdness & Mutations

You are too large for most types of armour.
You have claws for hands.
Your metabolism is lightning-fast.
You like to eat raw meat.
You heal very quickly.
You are covered in fur (AC +1).
You have very tough skin (AC +2).


Message History

The bat hits you but does no damage. The gnoll closely misses you.
You barely miss the gnoll. You claw the gnoll!
The gnoll is almost dead.
The bat hits you but does no damage. The gnoll hits you with a flail.
The gnoll hits you with a halberd!
* * * LOW HITPOINT WARNING * * *
You claw the bat!
You kill the bat!
Trog accepts your kill.
You are no longer berserk.
You are exhausted.
You feel yourself slow down. The gnoll hits you with a flail.
* * * LOW HITPOINT WARNING * * *
The gnoll closely misses you. x2
You see here a bat corpse.
You scratch the gnoll.
You kill the gnoll!
Trog accepts your kill.
The gnoll hits you from afar with a halberd.
You die...

#. ... ...# ...#
..#.#..# #
..>..#......# .
.........#..#
###.##.#.#.#.##..#
....#.........#<.#####
...#.##+##.#....[....
#..#...#..#........
#))@..'.##(.......
#gg#...#..#.#######
##.##+##.##.# ..g
...#.# .#.# #.#...
#..## .#.... # . . .
.. . . . ...


You could see 2 gnolls.

Vanquished Creatures
  6 gnolls
  2 adders (D:2)
  A worm (D:2)
  4 giant geckos
  A ball python (D:1)
  7 bats
  2 giant cockroaches (D:1)
  11 goblins
  A hobgoblin (D:2)
  2 giant newts (D:1)
  A kobold (D:2)
  4 rats
42 creatures vanquished.

Notes
Turn   | Place    | Note
--------------------------------------------------------------
     0 | D:1      | lawna the Troll Berserker began the quest for the Orb.
     0 | D:1      | Reached XP level 1. HP: 22/22 MP: 0/0
    96 | D:1      | Gained mutation: Your movements are slightly less encumbered by armour (ER -2). [potion of mutation]
    96 | D:1      | Gained mutation: Your mind is acute. (Int +2) [potion of mutation]
    96 | D:1      | Gained mutation: You occasionally shout uncontrollably at your foes. [potion of mutation]
   158 | D:1      | Reached XP level 2. HP: 29/29 MP: 1/1
   690 | D:2      | Reached XP level 3. HP: 25/36 MP: 2/2
   700 | D:2      | Reached ** piety under Trog
   797 | D:2      | Reached XP level 4. HP: 34/45 MP: 3/3
   807 | D:2      | Reached skill level 4 in Unarmed Combat
   916 | D:2      | Lost mutation: Your mind is acute. (Int +2) [potion of cure mutation]
   916 | D:2      | Lost mutation: Your movements are slightly less encumbered by armour (ER -2). [potion of cure mutation]
   916 | D:2      | Lost mutation: You occasionally shout uncontrollably at your foes. [potion of cure mutation]
   917 | D:2      | Lost intelligence.
   961 | D:2      | Lost intelligence.
  1033 | D:2      | Found a white marble altar of Elyvilon.
  1195 | D:2      | Found a bloodstained altar of Trog.
  1388 | D:3      | Slain by a gnoll

Skill      XL: |  1  2  3  4 |
---------------+-------------+-----
Fighting       | 3 |  3.2
Unarmed Combat | 4 |  4.2
Dodging        | 3 |  3.1
Stealth        | |  0.1

Action                   |  1- 3 |  4- 6 || total
-------------------------+-------+-------++-------
Melee: Unarmed           |    53 |    53 ||   106
       Punch             |     1 |     3 ||     4
Invok: Berserk           |     1 |     2 ||     3
       Trog's Hand       |     1 |       ||     1
  Use: Potion            |     3 |     4 ||     7
       Scroll            |     5 |     1 ||     6
 Stab: Sleeping          |     1 |       ||     1
  Eat: Chunk             |    11 |     4 ||    15
Armor: Animal skin       |    27 |    85 ||   112
Dodge: Dodged            |    29 |    78 ||   107
